 Dungeon Crawl Stone Soup version 0.27-a0-1071-ga85bd9520d (webtiles) character file.

Game seed: 917336749539490086

3647 leviel the Fighter (level 9, -1/89 HPs)
             Began as a Minotaur Fighter on Apr 24, 2021.
             Was a Believer of Okawaru.
             Slain by an orc warrior
             ... wielding a +0 halberd
              (21 damage)
             ... on level 9 of the Dungeon.
             The game lasted 00:14:56 (10231 turns).

leviel the Fighter (Minotaur Fighter)              Turns: 10231, Time: 00:14:57

Health: -1/89      AC:  7    Str: 23    XL:     9   Next: 88%
Magic:  5/7        EV:  7    Int:  6    God:    Okawaru [**....]
Gold:   472        SH: 15    Dex: 10    Spells: 8/8 levels left

rFire    + . .     SeeInvis .   a - +0 war axe
rCold    + + .     Faith    .   c - +1 kite shield
rNeg     . . .     Spirit   .   b - +0 scale mail
rPois    .         Reflect  +   (helmet restricted)
rElec    .         Harm     .   (no cloak)
rCorr    .         Rampage  .   (no gloves)
Will     +....                  (no boots)
Stlth    ..........             s - amulet "Pealeung" {Reflect rF+ rC+ Will+ SH+5}
HPRegen  0.24/turn              h - +4 ring of slaying
MPRegen  0.10/turn              l - ring of protection from cold

@: no status effects
A: horns 2, retaliatory headbutt, low mp 1, MP-powered wands
a: Renounce Religion, Heroism


You were on level 9 of the Dungeon.
You worshipped Okawaru.
Okawaru was pleased with you.
You visited 2 branches of the dungeon, and saw 10 of its levels.
You also visited: Sewer and Ossuary.

You collected 472 gold pieces.

Inventory:

Hand Weapons
 a - a +0 war axe (weapon)
Armour
 b - a +0 scale mail (worn)
 c - a +1 kite shield (worn)
Jewellery
 h - a +4 ring of slaying (left hand)
 l - a ring of protection from cold (right hand)
 q - a ring of willpower
 s - the amulet "Pealeung" (around neck) {Reflect rF+ rC+ Will+ SH+5}
   (You found it on level 4 of the Dungeon)

   [amulet of reflection]

   It reflects blocked missile attacks.
   It protects you from fire.
   It protects you from cold.
   It affects your SH (+5).
   It increases your willpower.
Wands
 p - a wand of flame (21)
 r - a wand of iceblast (5)
 u - a wand of polymorph (6)
 C - a wand of digging (6)
Scrolls
 d - a scroll of identify
 e - 2 scrolls of blinking
 i - 2 scrolls of magic mapping
 k - 2 scrolls of teleportation
 w - a scroll of immolation {unknown}
 y - a scroll of amnesia {unknown}
 B - a scroll of noise {unknown}
Potions
 g - 4 potions of flight
 j - 2 potions of magic
 m - 2 potions of curing
 n - a potion of ambrosia
 o - a potion of invisibility
 x - 2 potions of attraction
 z - a potion of brilliance
 A - a potion of resistance {unknown}
Miscellaneous
 f - a piece from Xom's chessboard (15/15)


   Skills:
 - Level 11.0 Fighting
 + Level 8.1 Axes
 - Level 4.1 Armour
 - Level 4.1 Shields
 + Level 7.9 Evocations


You had 8 spell levels left.
You didn't know any spells.
Your spell library contained the following spells:

 Spells                   Type           Power      Damage    Failure   Level
 Beastly Appendage        Tmut           0%         N/A       99%         1
 Sting                    Tmut/Pois      0%         1d3       99%         1
 Poisonous Vapours        Pois/Air       0%         N/A       100%        2
 Wereblood                Tmut           0%         N/A       100%        2
 Ignite Poison            Fire/Tmut/Pois 0%         N/A       100%        3
 Mephitic Cloud           Conj/Pois/Air  0%         N/A       100%        3
 Spider Form              Tmut/Pois      0%         N/A       100%        3
 Ice Form                 Ice/Tmut       0%         N/A       100%        4
 Olgreb's Toxic Radiance  Pois           0%         N/A       100%        4
 Hydra Form               Tmut           0%         N/A       100%        5
 Irradiate                Conj/Tmut      0%         3d13      100%        5
 Blade Hands              Tmut           0%         N/A       100%        6
 Statue Form              Tmut/Erth      0%         N/A       100%        6
 Dragon Form              Tmut           0%         N/A       100%        7


Dungeon Overview and Level Annotations

Branches:
Dungeon (9/15)             Temple (1/1) D:6           Sewer (visited)
Ossuary (visited)
   Lair: D:8-11         Orc: D:9-12

Altars:
Ashenzari
Cheibriados
Dithmenos
Elyvilon
Fedhas
Gozag
Hepliaklqana
Kikubaaqudgha
Makhleb
Nemelex Xobeh
Okawaru
Qazlal
Ru
Sif Muna
Trog
Uskayaw
Vehumet
Wu Jian
Xom
Yredelemnul
Zin
The Shining One

Annotations:
D:3 3 runed translucent doors, HendSelp's ghost, amateur MiGl


Innate Abilities, Weirdness & Mutations

You have a pair of horns on your head.
You reflexively headbutt those who attack you in melee.
Your magical capacity is low. (-10% MP)
You expend magic power (3 MP) to strengthen your wands.


Message History

Aiming: Polymorph
Press: ? - help, Shift-Dir - straight line, f - Joseph
Aim: Joseph, wielding a +0 hunting sling, wearing a +0 ring mail and quivering sling bullets (heavily wounded, will become a golden eye, a basilisk, or an acid dragon, chance to affect: 59%)
You feel a surge of power!
Joseph evaporates and reforms as an acid dragon!
You feel much better. You block Joseph's attack. Joseph claws you.
You barely miss Joseph.
Joseph is heavily wounded.
You block the orc warrior's attack. Joseph bites you but does no damage.
Joseph claws you but does no damage.
You barely miss Joseph.
Joseph is heavily wounded.
You block the orc warrior's attack. Joseph bites you! Joseph claws you.
You block the orc warrior's attack.
You hit Joseph.
Joseph is heavily wounded.
Joseph bites you but does no damage. Joseph claws you but does no damage.
The orc warrior hits you from afar with a +0 halberd!
You block Joseph's attack. x2
You barely miss Joseph.
Joseph is heavily wounded.
The orc warrior barely misses you. Joseph spits acid at you.
The splash of acid hits you.
* * * LOW HITPOINT WARNING * * *
You are splashed with acid!
* * * LOW HITPOINT WARNING * * *
You feel much better.
The orc warrior hits you from afar with a +0 halberd!
You block Joseph's attack. Joseph claws you.
You slash Joseph!
You kill Joseph!
Okawaru accepts your kill.
Joseph returns to his original shape as he dies.
You block the orc warrior's attack.
The orc warrior hits you from afar with a +0 halberd!
* * * LOW HITPOINT WARNING * * *
You block the orc's attack.
The orc warrior hits you from afar with a +0 halberd!!
You die...

### ..# ##.# ...
#.#
#########.####
.........oo..#
......)##†##@###
o...... #)##o..#
......o##ooo...#
.......#.o.....#
....o.)))......#
......##.##....#
..... #.##.##.#
.... #.##.##.#
.## #......<#


You could see 2 orc warriors and 2 orcs.

Vanquished Creatures
  Grinder (D:6)
  A steam dragon (D:6)
  3 water moccasins
  2 ice beasts
  An acid dragon (D:9)
  A black bear (D:6)
  2 orc warriors
  An ogre (D:6)
  3 centaurs
  A kobold brigand (D:8)
  3 bullfrogs
  2 scorpions
  A gnoll sergeant (D:8)
  9 wights
  3 howler monkeys (D:7)
  2 centaur zombies
  A bullfrog zombie (D:5)
  2 hounds
  A centaur skeleton (D:6)
  2 gnoll shamans
  4 orc priests
  3 jellies
  2 iguanas
  Natasha (thrice) (D:4)
  7 orc wizards
  2 mummies (Ossuary)
  10 gnolls
  2 howler monkey skeletons
  8 adders
  A shadow imp (D:7)
  A white imp (D:3)
  An adder skeleton (D:4)
  3 adder zombies (Ossuary)
  3 worms
  2 dart slugs
  27 orcs
  14 ball pythons
  3 bats (D:1)
  11 endoplasms
  8 giant cockroaches
  A goblin (D:3)
  8 hobgoblins
  3 jackals (Sewer)
  19 kobolds
  2 quokkas
  7 frilled lizards
  3 goblin zombies (Ossuary)
  10 hobgoblin zombies (Ossuary)
  2 jackal zombies (Ossuary)
  6 kobold zombies (Ossuary)
  11 orc zombies (Ossuary)
  7 rats
  A rat zombie (Ossuary)
  A butterfly (D:6)
238 creatures vanquished.

Vanquished Creatures (others)
  An orc wizard (D:7)
  19 plants
20 creatures vanquished.

Grand Total: 258 creatures vanquished

Notes
Turn   | Place    | Note
-------+----------+-------------------------------------------
     0 | D:1      | leviel the Minotaur Fighter began the quest for the Orb.
     0 | D:1      | Reached XP level 1. HP: 19/19 MP: 0/0
   264 | D:1      | Reached skill level 4 in Fighting
   265 | D:1      | Reached XP level 2. HP: 27/27 MP: 1/1
   813 | D:1      | Reached XP level 3. HP: 33/33 MP: 2/2
  1554 | D:2      | Reached XP level 4. HP: 41/41 MP: 3/3
  1926 | D:3      | Found a faded altar of an unknown god.
  2009 | D:3      | Reached skill level 5 in Fighting
  2115 | D:3      | Reached XP level 5. HP: 36/50 MP: 4/4
  2219 | D:3      | Found a shimmering blue altar of Sif Muna.
  2226 | D:3      | Reached skill level 6 in Fighting
  2692 | D:3      | Reached skill level 7 in Fighting
  2873 | D:3      | Found a runed translucent gate.
  2874 | D:3      | Found a runed translucent gate.
  2874 | D:3      | Found a runed translucent gate.
  2876 | D:3      | Noticed HendSelp's ghost (amateur MiGl)
  2919 | D:4      | Identified the amulet "Pealeung" {Reflect rF+ rC+ Will+
                  | SH+5}
  2998 | D:4      | Reached XP level 6. HP: 58/60 MP: 5/5
  3011 | D:4      | Reached skill level 8 in Fighting
  3428 | D:4      | Reached skill level 1 in Evocations
  3444 | D:4      | Reached XP level 7. HP: 69/69 MP: 6/6
  3450 | D:4      | Noticed Natasha
  3455 | D:4      | Killed Natasha
  3562 | D:4      | Noticed Natasha
  3568 | D:4      | Killed Natasha
  3861 | D:4      | Noticed Natasha
  3865 | D:4      | Killed Natasha
  4049 | D:5      | Entered Level 5 of the Dungeon
  4171 | D:5      | Reached skill level 9 in Fighting
  4299 | D:5      | Found a sand-covered staircase.
  4326 | Ossuary  | Entered an ossuary
  5024 | D:6      | Reached XP level 8. HP: 60/79 MP: 7/7
  5110 | D:6      | Reached skill level 10 in Fighting
  5138 | D:6      | Found a glowing golden altar of the Shining One.
  5149 | D:6      | Found a glowing drain.
  5254 | Sewer    | Entered a sewer
  5933 | D:6      | Gained mutation: Your spells are a little harder to cast,
                  | but a little more powerful. [potion of mutation]
  5933 | D:6      | Gained mutation: You sometimes lose the ability to read
                  | scrolls when taking damage. [potion of mutation]
  5933 | D:6      | Gained mutation: You are dopey. (Int -2) [potion of
                  | mutation]
  5933 | D:6      | Gained mutation: You have a pair of large horns on your
                  | head. [potion of mutation]
  6161 | D:6      | Found a shimmering altar of Xom.
  6822 | D:6      | Found a staircase to the Ecumenical Temple.
  6833 | D:6      | Reached skill level 5 in Evocations
  7097 | Temple   | Entered the Ecumenical Temple
  7373 | Temple   | Became a worshipper of Warmaster Okawaru
  7531 | D:6      | Reached skill level 11 in Fighting
  7658 | D:6      | Found a basalt altar of Yredelemnul.
  7663 | D:6      | Found a burning altar of Makhleb.
  7664 | D:6      | Found a glowing silver altar of Zin.
  7664 | D:6      | Found a sacrificial altar of Ru.
  7664 | D:6      | Found a shadowy altar of Dithmenos.
  7671 | D:6      | Found a hazy altar of Hepliaklqana.
  7707 | D:6      | Noticed Grinder
  7718 | D:6      | Killed Grinder
  7719 | D:6      | Reached XP level 9. HP: 62/89 MP: 8/8
  8118 | D:6      | Lost mutation: Your spells are a little harder to cast, but
                  | a little more powerful. [potion of mutation]
  8118 | D:6      | Lost mutation: You sometimes lose the ability to read
                  | scrolls when taking damage. [potion of mutation]
  8118 | D:6      | Lost mutation: You have a pair of large horns on your head.
                  | [potion of mutation]
  8118 | D:6      | Lost mutation: You are dopey. (Int -2) [potion of mutation]
  8118 | D:6      | Gained mutation: Your magical capacity is low. (-10% MP)
                  | [potion of mutation]
  8118 | D:6      | Gained mutation: You expend magic power (3 MP) to
                  | strengthen your wands. [potion of mutation]
  8139 | D:7      | Reached skill level 5 in Axes
  8210 | D:7      | Reached * piety under Okawaru
  9548 | D:8      | Reached ** piety under Okawaru
 10197 | D:9      | Noticed Joseph
 10221 | D:9      | Noticed Joseph
 10221 | D:9      | Joseph changed into Joseph the acid dragon
 10228 | D:9      | Killed Joseph the acid dragon
 10231 | D:9      | Slain by an orc warrior

Illustrated notes

Levels and vault maps discovered:
D:1:      minmay_arrival_nine_rooms, layout_basic, palyth_stone_intersect
D:2:      layout_basic, corexii_hall_statues_x
D:3:      layout_loops_cross, nicolae_sif_muna_little_library,
          ebering_ghost_rock_garden, shapermc_ecumenical_altar_mp_ritualfount,
          columned_hall_lemuel, due_unseen_surprise
D:4:      layout_loops_ring, uniq_natasha
D:5:      layout_rooms, nicolae_ossuary_entry_false_entrances
D:6:      layout_loops_corners, tso_oasis_becter, minitemple, xom_butterflies,
          minmay_temple_entry_antechambers, portal_sewer_entry_d, minivault_23,
          uniq_grinder
D:7:      layout_gridville
D:8:      layout_basic
D:9:      cheibrodos_steamvent, layout_loops_cross, david_orc_3, uniq_erolcha,
          uniq_joseph
Temple:   nicolae_temple_figure_eight

Skill      XL: |  1  2  3  4  5  6  7  8  9 |
---------------+----------------------------+-----
Fighting       | 4 5 7 8 9 11 | 11.0
Axes           | 3 4 8 |  8.1
Armour         | 4 |  4.1
Shields        | 4 |  4.1
Evocations     | 1 3 6 7 |  7.9

Action                   |  1- 3 |  4- 6 |  7- 9 || total
-------------------------+-------+-------+-------++-------
Melee: War axe           |    70 |   100 |   356 ||   526
       Headbutt          |     6 |    18 |    57 ||    81
Throw: Throwing net      |       |       |     2 ||     2
Evoke: Wand              |       |       |     4 ||     4
  Use: Scroll            |       |       |    11 ||    11
       Potion            |       |       |    15 ||    15
Armor: Scale mail        |    30 |    32 |   103 ||   165
Dodge: Dodged            |    18 |    20 |    80 ||   118
Block: Kite shield       |    35 |    54 |   329 ||   418
       Reflection        |       |       |    14 ||    14

Table legend: (Time is in decaauts)
 A = Elapsed time spent in this place.
 B = Non-inter-level travel time spent in this place.
 C = Inter-level travel time spent in this place.
 D = Time resting spent in this place.
 E = Time spent auto-exploring this place.
 F = Levels seen in this place.
 G = Mean time per level.
                   A        B        C        D        E       F      G
               +--------+--------+--------+--------+--------+-----+--------+
         Total |  10662 |  10373 |    289 |    988 |   7795 |  12 |  888.5 |
       Dungeon |   9241 |   9024 |    217 |    988 |   6800 |   9 | 1026.8 |
        Temple |    292 |    220 |     72 |      0 |    207 |   1 |  292.0 |
         Sewer |    850 |    850 |      0 |      0 |    665 |   1 |  850.0 |
       Ossuary |    278 |    278 |      0 |      0 |    123 |   1 |  278.0 |
               +--------+--------+--------+--------+--------+-----+--------+

Top non-repeatable levels by time:
     D:6: 2263 daAuts
     D:7: 1189 daAuts
     D:4: 1180 daAuts
     D:3: 1059 daAuts
     D:1: 1037 daAuts
     D:8: 904 daAuts
     D:2: 871 daAuts
   Sewer: 850 daAuts
     D:5: 686 daAuts
  Temple: 292 daAuts
 Ossuary: 278 daAuts
     D:9: 49 daAuts
